Map: Persephone LE

Players

KimChiLoVer - Winner!

  • Race: Terran Terran
  • League: Diamond
  • Spawn Location: 7:00

SpawN

  • Race: Terran Terran
  • League: Diamond
  • Spawn Location: 11:00

VOD

Have the link to the VOD?

Description

Time

  • Played on: Nov. 2, 2025, 10:31 p.m.
  • Length: 8:59
Show
View Real Time Build Order
Export as new Build Order

KimChiLoVer Terran - Winner!

Build Orders:  

Get SALT Encoding   

  12  0:00  SCV  
  13  0:13  SCV  
  14  0:17  Supply Depot  
  14  0:25  SCV  
  15  0:39  SCV, Barracks  
  16  0:43  Refinery  
  16  0:49  Refinery  
  16  0:52  SCV  
  17  1:04  SCV  
  18  1:16  SCV  
  19  1:27  Reaper  
  19  1:28  Orbital Command  
  19  1:31  Supply Depot  
  20  1:43  Factory  
  20  1:57  SCV  
  20  1:59  Reaper  
  22  2:09  SCV  
  23  2:18  Command Center  
  23  2:22  SCV  
  24  2:29  Hellion  
  26  2:43  SCV  
  27  2:44  Starport  
  27  2:47  Supply Depot  
  27  2:54  Barracks Reactor  
  27  2:55  Factory Tech Lab  
  27  3:04  SCV  
  28  3:15  Cyclone  
  29  4:03  Siege Tank  
  29  4:07  Marine x2  
  29  4:08  Starport Tech Lab  
  34  4:14  SCV  
  34  4:17  Supply Depot x2  
  35  4:23  Orbital Command, Refinery  
  35  4:24  Marine  
  35  4:25  Marine  
  35  4:26  SCV, Refinery  
  35  4:28  Raven  
  35  4:29  Interference Matrix  
  40  4:35  Siege Tank  
  40  4:38  SCV  
  44  4:50  SCV  
  44  4:51  Marine  
  44  4:52  Marine  
  47  4:53  Factory  
  47  5:00  Starport, SCV  
  47  5:02  SCV  
  49  5:07  Supply Depot  
  49  5:13  SCV  
  52  5:14  SCV, Raven  
  53  5:25  SCV, Supply Depot  
  53  5:26  SCV  
  53  5:28  Siege Tank  
  58  5:37  SCV  
  58  5:38  SCV  
  60  5:46  Supply Depot  
  60  5:47  Supply Depot  
  60  5:49  SCV  
  61  5:50  SCV  
  61  5:52  Viking x2  
  66  6:00  Siege Tank  
  66  6:01  SCV  
  66  6:02  Viking  
  72  6:13  SCV  
  73  6:21  Marine  
  73  6:22  Viking x2  
  73  6:24  SCV  
  73  6:25  SCV  
  80  6:32  Viking  
  82  6:39  Marine  
  83  6:40  Siege Tank  
  86  6:52  Viking  
  88  6:57  Marine  
  82  7:14  Marine  
  79  7:26  Engineering Bay  
  79  7:32  Marine  
  80  7:38  Viking  
  80  7:39  Viking x2  
  80  7:44  Siege Tank x2  
  92  7:53  Marine  
  92  7:56  Missile Turret  
  93  7:59  Missile Turret x2  
  93  8:02  Missile Turret x2  
  93  8:07  SCV x2  
  93  8:11  Marine  
  89  8:29  Marine  
Show
View Real Time Build Order
Export as new Build Order

SpawN Terran 

Build Orders: Reaper Expand 

Get SALT Encoding   

  12  0:00  SCV  
  13  0:14  SCV  
  14  0:17  Supply Depot  
  14  0:26  SCV  
  15  0:39  SCV  
  15  0:41  Barracks  
  16  0:45  Refinery  
  16  0:55  SCV  
  17  1:08  SCV  
  18  1:20  SCV  
  19  1:28  Reaper  
  19  1:32  Orbital Command  
  20  1:45  Command Center  
  20  2:05  Factory  
  20  2:14  SCV  
  20  2:17  Refinery  
  20  2:26  SCV  
  21  2:39  SCV  
  22  2:51  SCV, Barracks Reactor  
  23  2:54  Factory Tech Lab  
  23  3:01  Orbital Command  
  23  3:03  SCV  
  23  3:04  Supply Depot  
  23  3:13  Cyclone  
  23  3:15  SCV  
  27  3:24  Starport  
  27  3:26  Marine  
  27  3:27  SCV, Marine  
  29  3:39  SCV  
  27  4:04  Starport, Starport Tech Lab  
  27  4:08  SCV x2  
  29  4:20  SCV x2  
  31  4:25  Marine x2  
  31  4:28  Cloaking Field  
  33  4:32  SCV x2  
  33  4:35  Hyperflight Rotors  
  35  4:42  Marine  
  35  4:43  Marine, Refinery  
  35  4:44  SCV  
  35  4:45  SCV  
  39  4:46  Starport Tech Lab  
  39  4:56  SCV  
  39  4:57  SCV  
  39  4:59  Supply Depot  
  41  5:00  Marine  
  41  5:01  Marine  
  41  5:03  Banshee  
  46  5:20  Marine x2  
  46  5:21  SCV x2  
  50  5:22  Supply Depot  
  50  5:23  Banshee  
  53  5:33  SCV  
  54  5:39  SCV, Marine  
  56  5:44  Marine  
  56  5:45  SCV  
  56  5:46  Banshee, Supply Depot  
  61  5:51  SCV  
  61  5:52  Siege Tank  
  65  5:57  SCV  
  65  6:03  SCV  
  67  6:06  Banshee  
  67  6:09  SCV  
  71  6:12  Command Center  
  71  6:16  SCV  
  72  6:19  Refinery  
  72  6:21  SCV  
  73  6:29  SCV, Banshee  
  77  6:33  SCV  
  78  6:59  Marine x2  
  68  7:20  Marine x2  
  68  7:21  Siege Tank  
  65  7:23  Viking  
  65  7:25  Raven  
  65  7:27  Orbital Command  
  69  7:32  SCV  
  69  7:33  SCV  
  71  7:47  Factory  
  71  7:48  Starport  
  71  7:53  Viking  
  73  7:59  Raven  
  74  8:23  Viking  
  74  8:25  Marine  
  74  8:26  Siege Tank  
  57  8:41  Factory Tech Lab  
Tags
 
Add a new tag
Caveats
  • Supply blocks, unpowered buildings, or Contaminate may cause inaccurate times.
  • Supply counts are checked every 10 seconds.